AoeStats
← alix

Arabian Desert

509367825Analyzed
1v1 RM · 6d ago on Sep 26, 2026· 34m 19s· 2 players
Game mode
Random Map
Map size
Tiny (2 player)
Population
200
Speed
Normal
Resources
Standard
Victory
Conquest
Starting age
Dark Age
Ending age
Imperial Age
RankedLock teamsTeams togetherTeam positionsShared explorationLock speedFull tech treeHidden civsTurbo modeCheats
Victory
Defeat
🇩🇪 Georgians · Germany
1850
+9
🇵🇱 Danes · Poland
1694
-9
Kubiasty
9:45 Feudal Age
8:00 Loom
14:40 Castle Age
12:34 Double-Bit Axe
14:40 Scale Mail Armor
14:30 Gold Mining
14:27 Horse Collar
alix
5:45 Loom
8:01 Feudal Age
8:55 Double-Bit Axe
10:23 Horse Collar
15:01 Fletching
19:57 Castle Age
19:16 Gold Mining
19:38 Bloodlines
19:29 Padded Archer Armor
20:35 Bodkin Arrow
20:55 Husbandry
23:33 Bow Saw
27:06 Wheelbarrow
27:20 Town Watch
28:09 Stone Mining
34:12 Imperial Age
32:35 Scale Barding Armor
32:40 Forging
33:57 Chain Barding Armor
33:54 Hand Cart
Connection lost

Rejoining the realm…

Still unreachable

The connection could not be restored.

Session expired

The server has moved on; the page needs a fresh start.